%YAML 1.1
%TAG !u! tag:unity3d.com,2011:
--- !u!95 &4778054735994010019
Animator:
  serializedVersion: 3
  m_ObjectHideFlags: 0
  m_CorrespondingSourceObject: {fileID: 0}
  m_PrefabInstance: {fileID: 0}
  m_PrefabAsset: {fileID: 0}
  m_GameObject: {fileID: 2162864340161562721}
  m_Enabled: 1
  m_Avatar: {fileID: 0}
  m_Controller: {fileID: 9100000, guid: 82f1d3b060b2c3a4ba6d793789e7031c, type: 2}
  m_CullingMode: 0
  m_UpdateMode: 0
  m_ApplyRootMotion: 0
  m_LinearVelocityBlending: 0
  m_WarningMessage: 
  m_HasTransformHierarchy: 1
  m_AllowConstantClipSamplingOptimization: 1
  m_KeepAnimatorControllerStateOnDisable: 0
--- !u!1 &4778054736810431979
GameObject:
  m_ObjectHideFlags: 0
  m_CorrespondingSourceObject: {fileID: 0}
  m_PrefabInstance: {fileID: 0}
  m_PrefabAsset: {fileID: 0}
  serializedVersion: 6
  m_Component:
  - component: {fileID: 4778054736810431976}
  - component: {fileID: 4778054736810431977}
  - component: {fileID: 4778054736810431980}
  - component: {fileID: 4778054736810431983}
  - component: {fileID: 4778054736810431982}
  m_Layer: 6
  m_Name: Monster_11_Prefab
  m_TagString: Untagged
  m_Icon: {fileID: 0}
  m_NavMeshLayer: 0
  m_StaticEditorFlags: 0
  m_IsActive: 1
--- !u!4 &4778054736810431976
Transform:
  m_ObjectHideFlags: 0
  m_CorrespondingSourceObject: {fileID: 0}
  m_PrefabInstance: {fileID: 0}
  m_PrefabAsset: {fileID: 0}
  m_GameObject: {fileID: 4778054736810431979}
  m_LocalRotation: {x: 0, y: 0, z: 0, w: 1}
  m_LocalPosition: {x: 0, y: 0, z: 0}
  m_LocalScale: {x: 1, y: 1, z: 1}
  m_Children:
  - {fileID: 7883793037293093329}
  - {fileID: 8720704008626324118}
  - {fileID: 8566268944982675312}
  m_Father: {fileID: 0}
  m_RootOrder: 0
  m_LocalEulerAnglesHint: {x: 0, y: 0, z: 0}
--- !u!61 &4778054736810431977
BoxCollider2D:
  m_ObjectHideFlags: 0
  m_CorrespondingSourceObject: {fileID: 0}
  m_PrefabInstance: {fileID: 0}
  m_PrefabAsset: {fileID: 0}
  m_GameObject: {fileID: 4778054736810431979}
  m_Enabled: 1
  m_Density: 1
  m_Material: {fileID: 0}
  m_IsTrigger: 0
  m_UsedByEffector: 0
  m_UsedByComposite: 0
  m_Offset: {x: 0, y: 0}
  m_SpriteTilingProperty:
    border: {x: 0, y: 0, z: 0, w: 0}
    pivot: {x: 0, y: 0}
    oldSize: {x: 0, y: 0}
    newSize: {x: 0, y: 0}
    adaptiveTilingThreshold: 0
    drawMode: 0
    adaptiveTiling: 0
  m_AutoTiling: 0
  serializedVersion: 2
  m_Size: {x: 10.307219, y: 6.2271633}
  m_EdgeRadius: 0
--- !u!114 &4778054736810431980
MonoBehaviour:
  m_ObjectHideFlags: 0
  m_CorrespondingSourceObject: {fileID: 0}
  m_PrefabInstance: {fileID: 0}
  m_PrefabAsset: {fileID: 0}
  m_GameObject: {fileID: 4778054736810431979}
  m_Enabled: 1
  m_EditorHideFlags: 0
  m_Script: {fileID: 11500000, guid: 99a36705d311b3d4cb35d84acc24b9d2, type: 3}
  m_Name: 
  m_EditorClassIdentifier: 
  nametag: {fileID: 2547121603781685605}
  dialogue: {fileID: 0}
  inputBehavior: {fileID: 4778054736810431983}
  highlightControllers:
  - {fileID: 8541502643854290372}
  - {fileID: 7027525589975323142}
  - {fileID: 3381416328443059257}
  - {fileID: 7420153928258280094}
  heartController: {fileID: 6734764457575003366}
  room: {fileID: 0}
  animator: {fileID: 4778054735994010019}
--- !u!114 &4778054736810431983
MonoBehaviour:
  m_ObjectHideFlags: 0
  m_CorrespondingSourceObject: {fileID: 0}
  m_PrefabInstance: {fileID: 0}
  m_PrefabAsset: {fileID: 0}
  m_GameObject: {fileID: 4778054736810431979}
  m_Enabled: 1
  m_EditorHideFlags: 0
  m_Script: {fileID: 11500000, guid: a94f33873c25894488ff9a6b31f825ae, type: 3}
  m_Name: 
  m_EditorClassIdentifier: 
  DialogueIcon: {fileID: 8566268944504347330}
  DialogueArrow: {fileID: 8945893679217332861}
  StatusUI: {fileID: 6390653288428907708}
  DialogUI: {fileID: 8566268944982675313}
  audioController: {fileID: 0}
  panCamera: {fileID: 0}
  worry: {fileID: 4778054736810431980}
--- !u!114 &4778054736810431982
MonoBehaviour:
  m_ObjectHideFlags: 0
  m_CorrespondingSourceObject: {fileID: 0}
  m_PrefabInstance: {fileID: 0}
  m_PrefabAsset: {fileID: 0}
  m_GameObject: {fileID: 4778054736810431979}
  m_Enabled: 1
  m_EditorHideFlags: 0
  m_Script: {fileID: 11500000, guid: 62899f850307741f2a39c98a8b639597, type: 3}
  m_Name: 
  m_EditorClassIdentifier: 
  m_Actions: {fileID: -944628639613478452, guid: 20ba93a8578586f4b8b2fa6efc1fafcd, type: 3}
  m_NotificationBehavior: 0
  m_UIInputModule: {fileID: 0}
  m_DeviceLostEvent:
    m_PersistentCalls:
      m_Calls: []
  m_DeviceRegainedEvent:
    m_PersistentCalls:
      m_Calls: []
  m_ControlsChangedEvent:
    m_PersistentCalls:
      m_Calls: []
  m_ActionEvents: []
  m_NeverAutoSwitchControlSchemes: 0
  m_DefaultControlScheme: 
  m_DefaultActionMap: Touch
  m_SplitScreenIndex: -1
  m_Camera: {fileID: 0}
--- !u!1001 &4778054735994010028
PrefabInstance:
  m_ObjectHideFlags: 0
  serializedVersion: 2
  m_Modification:
    m_TransformParent: {fileID: 4778054736810431976}
    m_Modifications:
    - target: {fileID: -7935251800856068489, guid: ca544b4f9d201514c8af15b538524a99, type: 3}
      propertyPath: m_Layer
      value: 6
      objectReference: {fileID: 0}
    - target: {fileID: -6959767198904125847, guid: ca544b4f9d201514c8af15b538524a99, type: 3}
      propertyPath: m_Layer
      value: 6
      objectReference: {fileID: 0}
    - target: {fileID: -5825453908796491651, guid: ca544b4f9d201514c8af15b538524a99, type: 3}
      propertyPath: m_RootOrder
      value: 0
      objectReference: {fileID: 0}
    - target: {fileID: -5825453908796491651, guid: ca544b4f9d201514c8af15b538524a99, type: 3}
      propertyPath: m_LocalScale.x
      value: 0.41738
      objectReference: {fileID: 0}
    - target: {fileID: -5825453908796491651, guid: ca544b4f9d201514c8af15b538524a99, type: 3}
      propertyPath: m_LocalScale.y
      value: 0.41738
      objectReference: {fileID: 0}
    - target: {fileID: -5825453908796491651, guid: ca544b4f9d201514c8af15b538524a99, type: 3}
      propertyPath: m_LocalScale.z
      value: 0.41738
      objectReference: {fileID: 0}
    - target: {fileID: -5825453908796491651, guid: ca544b4f9d201514c8af15b538524a99, type: 3}
      propertyPath: m_LocalPosition.x
      value: 0.05908036
      objectReference: {fileID: 0}
    - target: {fileID: -5825453908796491651, guid: ca544b4f9d201514c8af15b538524a99, type: 3}
      propertyPath: m_LocalPosition.y
      value: -4.137061
      objectReference: {fileID: 0}
    - target: {fileID: -5825453908796491651, guid: ca544b4f9d201514c8af15b538524a99, type: 3}
      propertyPath: m_LocalPosition.z
      value: 0
      objectReference: {fileID: 0}
    - target: {fileID: -5825453908796491651, guid: ca544b4f9d201514c8af15b538524a99, type: 3}
      propertyPath: m_LocalRotation.w
      value: 1
      objectReference: {fileID: 0}
    - target: {fileID: -5825453908796491651, guid: ca544b4f9d201514c8af15b538524a99, type: 3}
      propertyPath: m_LocalRotation.x
      value: -0
      objectReference: {fileID: 0}
    - target: {fileID: -5825453908796491651, guid: ca544b4f9d201514c8af15b538524a99, type: 3}
      propertyPath: m_LocalRotation.y
      value: -0
      objectReference: {fileID: 0}
    - target: {fileID: -5825453908796491651, guid: ca544b4f9d201514c8af15b538524a99, type: 3}
      propertyPath: m_LocalRotation.z
      value: -0
      objectReference: {fileID: 0}
    - target: {fileID: -5825453908796491651, guid: ca544b4f9d201514c8af15b538524a99, type: 3}
      propertyPath: m_LocalEulerAnglesHint.x
      value: 0
      objectReference: {fileID: 0}
    - target: {fileID: -5825453908796491651, guid: ca544b4f9d201514c8af15b538524a99, type: 3}
      propertyPath: m_LocalEulerAnglesHint.y
      value: 0
      objectReference: {fileID: 0}
    - target: {fileID: -5825453908796491651, guid: ca544b4f9d201514c8af15b538524a99, type: 3}
      propertyPath: m_LocalEulerAnglesHint.z
      value: 0
      objectReference: {fileID: 0}
    - target: {fileID: -5311777313666414061, guid: ca544b4f9d201514c8af15b538524a99, type: 3}
      propertyPath: m_Bounds.m_Center.x
      value: -0.0000009536743
      objectReference: {fileID: 0}
    - target: {fileID: -5311777313666414061, guid: ca544b4f9d201514c8af15b538524a99, type: 3}
      propertyPath: m_Bounds.m_Center.y
      value: -0.46000004
      objectReference: {fileID: 0}
    - target: {fileID: -5311777313666414061, guid: ca544b4f9d201514c8af15b538524a99, type: 3}
      propertyPath: m_Bounds.m_Extent.x
      value: 12.83
      objectReference: {fileID: 0}
    - target: {fileID: -5311777313666414061, guid: ca544b4f9d201514c8af15b538524a99, type: 3}
      propertyPath: m_Bounds.m_Extent.y
      value: 8.05
      objectReference: {fileID: 0}
    - target: {fileID: -3958405303581083495, guid: ca544b4f9d201514c8af15b538524a99, type: 3}
      propertyPath: m_Layer
      value: 6
      objectReference: {fileID: 0}
    - target: {fileID: -3452498449662147388, guid: ca544b4f9d201514c8af15b538524a99, type: 3}
      propertyPath: m_Layer
      value: 6
      objectReference: {fileID: 0}
    - target: {fileID: -3195733661628550094, guid: ca544b4f9d201514c8af15b538524a99, type: 3}
      propertyPath: m_Layer
      value: 6
      objectReference: {fileID: 0}
    - target: {fileID: -2572955203288747571, guid: ca544b4f9d201514c8af15b538524a99, type: 3}
      propertyPath: m_Name
      value: Monsterchen 4
      objectReference: {fileID: 0}
    - target: {fileID: -2572955203288747571, guid: ca544b4f9d201514c8af15b538524a99, type: 3}
      propertyPath: m_Layer
      value: 6
      objectReference: {fileID: 0}
    - target: {fileID: -1698083863108554766, guid: ca544b4f9d201514c8af15b538524a99, type: 3}
      propertyPath: m_Layer
      value: 6
      objectReference: {fileID: 0}
    - target: {fileID: 118394492716106102, guid: ca544b4f9d201514c8af15b538524a99, type: 3}
      propertyPath: m_Layer
      value: 6
      objectReference: {fileID: 0}
    - target: {fileID: 2150146250953223449, guid: ca544b4f9d201514c8af15b538524a99, type: 3}
      propertyPath: m_SortingLayer
      value: 3
      objectReference: {fileID: 0}
    - target: {fileID: 2150146250953223449, guid: ca544b4f9d201514c8af15b538524a99, type: 3}
      propertyPath: m_SortingOrder
      value: 0
      objectReference: {fileID: 0}
    - target: {fileID: 2150146250953223449, guid: ca544b4f9d201514c8af15b538524a99, type: 3}
      propertyPath: m_SortingLayerID
      value: 974617967
      objectReference: {fileID: 0}
    - target: {fileID: 2240300099297315196, guid: ca544b4f9d201514c8af15b538524a99, type: 3}
      propertyPath: m_Bounds.m_Center.x
      value: -0.0000042915344
      objectReference: {fileID: 0}
    - target: {fileID: 2240300099297315196, guid: ca544b4f9d201514c8af15b538524a99, type: 3}
      propertyPath: m_Bounds.m_Center.y
      value: -0.0043895245
      objectReference: {fileID: 0}
    - target: {fileID: 2240300099297315196, guid: ca544b4f9d201514c8af15b538524a99, type: 3}
      propertyPath: m_Bounds.m_Extent.x
      value: 5.1500006
      objectReference: {fileID: 0}
    - target: {fileID: 2240300099297315196, guid: ca544b4f9d201514c8af15b538524a99, type: 3}
      propertyPath: m_Bounds.m_Extent.y
      value: 2.0956104
      objectReference: {fileID: 0}
    - target: {fileID: 4139660501681363669, guid: ca544b4f9d201514c8af15b538524a99, type: 3}
      propertyPath: m_Layer
      value: 6
      objectReference: {fileID: 0}
    - target: {fileID: 4337991527476400645, guid: ca544b4f9d201514c8af15b538524a99, type: 3}
      propertyPath: m_Layer
      value: 6
      objectReference: {fileID: 0}
    - target: {fileID: 5313626493452021455, guid: ca544b4f9d201514c8af15b538524a99, type: 3}
      propertyPath: m_SortingLayer
      value: 3
      objectReference: {fileID: 0}
    - target: {fileID: 5313626493452021455, guid: ca544b4f9d201514c8af15b538524a99, type: 3}
      propertyPath: m_SortingOrder
      value: 0
      objectReference: {fileID: 0}
    - target: {fileID: 5313626493452021455, guid: ca544b4f9d201514c8af15b538524a99, type: 3}
      propertyPath: m_SortingLayerID
      value: 974617967
      objectReference: {fileID: 0}
    - target: {fileID: 7242117828338162625, guid: ca544b4f9d201514c8af15b538524a99, type: 3}
      propertyPath: m_Layer
      value: 6
      objectReference: {fileID: 0}
    m_RemovedComponents: []
  m_SourcePrefab: {fileID: 3321395096188145702, guid: ca544b4f9d201514c8af15b538524a99, type: 3}
--- !u!1 &2162864340161562721 stripped
GameObject:
  m_CorrespondingSourceObject: {fileID: -2572955203288747571, guid: ca544b4f9d201514c8af15b538524a99, type: 3}
  m_PrefabInstance: {fileID: 4778054735994010028}
  m_PrefabAsset: {fileID: 0}
--- !u!4 &7883793037293093329 stripped
Transform:
  m_CorrespondingSourceObject: {fileID: -5825453908796491651, guid: ca544b4f9d201514c8af15b538524a99, type: 3}
  m_PrefabInstance: {fileID: 4778054735994010028}
  m_PrefabAsset: {fileID: 0}
--- !u!1001 &4778054736638355566
PrefabInstance:
  m_ObjectHideFlags: 0
  serializedVersion: 2
  m_Modification:
    m_TransformParent: {fileID: 4778054736810431976}
    m_Modifications:
    - target: {fileID: 3796129107844310814, guid: 0f914166cc1f0ac4ab0b2c3f8012a5f7, type: 3}
      propertyPath: m_Pivot.x
      value: 0.5
      objectReference: {fileID: 0}
    - target: {fileID: 3796129107844310814, guid: 0f914166cc1f0ac4ab0b2c3f8012a5f7, type: 3}
      propertyPath: m_Pivot.y
      value: 0.5
      objectReference: {fileID: 0}
    - target: {fileID: 3796129107844310814, guid: 0f914166cc1f0ac4ab0b2c3f8012a5f7, type: 3}
      propertyPath: m_RootOrder
      value: 2
      objectReference: {fileID: 0}
    - target: {fileID: 3796129107844310814, guid: 0f914166cc1f0ac4ab0b2c3f8012a5f7, type: 3}
      propertyPath: m_AnchorMax.x
      value: 0
      objectReference: {fileID: 0}
    - target: {fileID: 3796129107844310814, guid: 0f914166cc1f0ac4ab0b2c3f8012a5f7, type: 3}
      propertyPath: m_AnchorMax.y
      value: 0
      objectReference: {fileID: 0}
    - target: {fileID: 3796129107844310814, guid: 0f914166cc1f0ac4ab0b2c3f8012a5f7, type: 3}
      propertyPath: m_AnchorMin.x
      value: 0
      objectReference: {fileID: 0}
    - target: {fileID: 3796129107844310814, guid: 0f914166cc1f0ac4ab0b2c3f8012a5f7, type: 3}
      propertyPath: m_AnchorMin.y
      value: 0
      objectReference: {fileID: 0}
    - target: {fileID: 3796129107844310814, guid: 0f914166cc1f0ac4ab0b2c3f8012a5f7, type: 3}
      propertyPath: m_SizeDelta.x
      value: 1.46
      objectReference: {fileID: 0}
    - target: {fileID: 3796129107844310814, guid: 0f914166cc1f0ac4ab0b2c3f8012a5f7, type: 3}
      propertyPath: m_SizeDelta.y
      value: 3.775
      objectReference: {fileID: 0}
    - target: {fileID: 3796129107844310814, guid: 0f914166cc1f0ac4ab0b2c3f8012a5f7, type: 3}
      propertyPath: m_LocalPosition.x
      value: 0
      objectReference: {fileID: 0}
    - target: {fileID: 3796129107844310814, guid: 0f914166cc1f0ac4ab0b2c3f8012a5f7, type: 3}
      propertyPath: m_LocalPosition.y
      value: 0
      objectReference: {fileID: 0}
    - target: {fileID: 3796129107844310814, guid: 0f914166cc1f0ac4ab0b2c3f8012a5f7, type: 3}
      propertyPath: m_LocalPosition.z
      value: 0
      objectReference: {fileID: 0}
    - target: {fileID: 3796129107844310814, guid: 0f914166cc1f0ac4ab0b2c3f8012a5f7, type: 3}
      propertyPath: m_LocalRotation.w
      value: 1
      objectReference: {fileID: 0}
    - target: {fileID: 3796129107844310814, guid: 0f914166cc1f0ac4ab0b2c3f8012a5f7, type: 3}
      propertyPath: m_LocalRotation.x
      value: 0
      objectReference: {fileID: 0}
    - target: {fileID: 3796129107844310814, guid: 0f914166cc1f0ac4ab0b2c3f8012a5f7, type: 3}
      propertyPath: m_LocalRotation.y
      value: 0
      objectReference: {fileID: 0}
    - target: {fileID: 3796129107844310814, guid: 0f914166cc1f0ac4ab0b2c3f8012a5f7, type: 3}
      propertyPath: m_LocalRotation.z
      value: 0
      objectReference: {fileID: 0}
    - target: {fileID: 3796129107844310814, guid: 0f914166cc1f0ac4ab0b2c3f8012a5f7, type: 3}
      propertyPath: m_AnchoredPosition.x
      value: -0.05000305
      objectReference: {fileID: 0}
    - target: {fileID: 3796129107844310814, guid: 0f914166cc1f0ac4ab0b2c3f8012a5f7, type: 3}
      propertyPath: m_AnchoredPosition.y
      value: 3.7600098
      objectReference: {fileID: 0}
    - target: {fileID: 3796129107844310814, guid: 0f914166cc1f0ac4ab0b2c3f8012a5f7, type: 3}
      propertyPath: m_LocalEulerAnglesHint.x
      value: 0
      objectReference: {fileID: 0}
    - target: {fileID: 3796129107844310814, guid: 0f914166cc1f0ac4ab0b2c3f8012a5f7, type: 3}
      propertyPath: m_LocalEulerAnglesHint.y
      value: 0
      objectReference: {fileID: 0}
    - target: {fileID: 3796129107844310814, guid: 0f914166cc1f0ac4ab0b2c3f8012a5f7, type: 3}
      propertyPath: m_LocalEulerAnglesHint.z
      value: 0
      objectReference: {fileID: 0}
    - target: {fileID: 3796129107844310815, guid: 0f914166cc1f0ac4ab0b2c3f8012a5f7, type: 3}
      propertyPath: m_Name
      value: Dialogue
      objectReference: {fileID: 0}
    - target: {fileID: 3796129108356231852, guid: 0f914166cc1f0ac4ab0b2c3f8012a5f7, type: 3}
      propertyPath: m_Layer
      value: 8
      objectReference: {fileID: 0}
    m_RemovedComponents: []
  m_SourcePrefab: {fileID: 100100000, guid: 0f914166cc1f0ac4ab0b2c3f8012a5f7, type: 3}
--- !u!1 &8566268944982675313 stripped
GameObject:
  m_CorrespondingSourceObject: {fileID: 3796129107844310815, guid: 0f914166cc1f0ac4ab0b2c3f8012a5f7, type: 3}
  m_PrefabInstance: {fileID: 4778054736638355566}
  m_PrefabAsset: {fileID: 0}
--- !u!224 &8566268944982675312 stripped
RectTransform:
  m_CorrespondingSourceObject: {fileID: 3796129107844310814, guid: 0f914166cc1f0ac4ab0b2c3f8012a5f7, type: 3}
  m_PrefabInstance: {fileID: 4778054736638355566}
  m_PrefabAsset: {fileID: 0}
--- !u!1 &8566268944504347330 stripped
GameObject:
  m_CorrespondingSourceObject: {fileID: 3796129108356231852, guid: 0f914166cc1f0ac4ab0b2c3f8012a5f7, type: 3}
  m_PrefabInstance: {fileID: 4778054736638355566}
  m_PrefabAsset: {fileID: 0}
--- !u!1 &8945893679217332861 stripped
GameObject:
  m_CorrespondingSourceObject: {fileID: 4497193395258325523, guid: 0f914166cc1f0ac4ab0b2c3f8012a5f7, type: 3}
  m_PrefabInstance: {fileID: 4778054736638355566}
  m_PrefabAsset: {fileID: 0}
--- !u!1001 &4778054737696888111
PrefabInstance:
  m_ObjectHideFlags: 0
  serializedVersion: 2
  m_Modification:
    m_TransformParent: {fileID: 4778054736810431976}
    m_Modifications:
    - target: {fileID: 4271986818145376185, guid: e62556b3ae8ff144a9ce4c613ddad31e, type: 3}
      propertyPath: m_Pivot.x
      value: 0.5
      objectReference: {fileID: 0}
    - target: {fileID: 4271986818145376185, guid: e62556b3ae8ff144a9ce4c613ddad31e, type: 3}
      propertyPath: m_Pivot.y
      value: 0.5
      objectReference: {fileID: 0}
    - target: {fileID: 4271986818145376185, guid: e62556b3ae8ff144a9ce4c613ddad31e, type: 3}
      propertyPath: m_RootOrder
      value: 1
      objectReference: {fileID: 0}
    - target: {fileID: 4271986818145376185, guid: e62556b3ae8ff144a9ce4c613ddad31e, type: 3}
      propertyPath: m_AnchorMax.x
      value: 0
      objectReference: {fileID: 0}
    - target: {fileID: 4271986818145376185, guid: e62556b3ae8ff144a9ce4c613ddad31e, type: 3}
      propertyPath: m_AnchorMax.y
      value: 0
      objectReference: {fileID: 0}
    - target: {fileID: 4271986818145376185, guid: e62556b3ae8ff144a9ce4c613ddad31e, type: 3}
      propertyPath: m_AnchorMin.x
      value: 0
      objectReference: {fileID: 0}
    - target: {fileID: 4271986818145376185, guid: e62556b3ae8ff144a9ce4c613ddad31e, type: 3}
      propertyPath: m_AnchorMin.y
      value: 0
      objectReference: {fileID: 0}
    - target: {fileID: 4271986818145376185, guid: e62556b3ae8ff144a9ce4c613ddad31e, type: 3}
      propertyPath: m_SizeDelta.x
      value: 1.46
      objectReference: {fileID: 0}
    - target: {fileID: 4271986818145376185, guid: e62556b3ae8ff144a9ce4c613ddad31e, type: 3}
      propertyPath: m_SizeDelta.y
      value: 3.775
      objectReference: {fileID: 0}
    - target: {fileID: 4271986818145376185, guid: e62556b3ae8ff144a9ce4c613ddad31e, type: 3}
      propertyPath: m_LocalPosition.x
      value: 0
      objectReference: {fileID: 0}
    - target: {fileID: 4271986818145376185, guid: e62556b3ae8ff144a9ce4c613ddad31e, type: 3}
      propertyPath: m_LocalPosition.y
      value: 0
      objectReference: {fileID: 0}
    - target: {fileID: 4271986818145376185, guid: e62556b3ae8ff144a9ce4c613ddad31e, type: 3}
      propertyPath: m_LocalPosition.z
      value: 0
      objectReference: {fileID: 0}
    - target: {fileID: 4271986818145376185, guid: e62556b3ae8ff144a9ce4c613ddad31e, type: 3}
      propertyPath: m_LocalRotation.w
      value: 1
      objectReference: {fileID: 0}
    - target: {fileID: 4271986818145376185, guid: e62556b3ae8ff144a9ce4c613ddad31e, type: 3}
      propertyPath: m_LocalRotation.x
      value: 0
      objectReference: {fileID: 0}
    - target: {fileID: 4271986818145376185, guid: e62556b3ae8ff144a9ce4c613ddad31e, type: 3}
      propertyPath: m_LocalRotation.y
      value: 0
      objectReference: {fileID: 0}
    - target: {fileID: 4271986818145376185, guid: e62556b3ae8ff144a9ce4c613ddad31e, type: 3}
      propertyPath: m_LocalRotation.z
      value: 0
      objectReference: {fileID: 0}
    - target: {fileID: 4271986818145376185, guid: e62556b3ae8ff144a9ce4c613ddad31e, type: 3}
      propertyPath: m_AnchoredPosition.x
      value: -0.049987793
      objectReference: {fileID: 0}
    - target: {fileID: 4271986818145376185, guid: e62556b3ae8ff144a9ce4c613ddad31e, type: 3}
      propertyPath: m_AnchoredPosition.y
      value: 3.7600098
      objectReference: {fileID: 0}
    - target: {fileID: 4271986818145376185, guid: e62556b3ae8ff144a9ce4c613ddad31e, type: 3}
      propertyPath: m_LocalEulerAnglesHint.x
      value: 0
      objectReference: {fileID: 0}
    - target: {fileID: 4271986818145376185, guid: e62556b3ae8ff144a9ce4c613ddad31e, type: 3}
      propertyPath: m_LocalEulerAnglesHint.y
      value: 0
      objectReference: {fileID: 0}
    - target: {fileID: 4271986818145376185, guid: e62556b3ae8ff144a9ce4c613ddad31e, type: 3}
      propertyPath: m_LocalEulerAnglesHint.z
      value: 0
      objectReference: {fileID: 0}
    - target: {fileID: 4271986818145376187, guid: e62556b3ae8ff144a9ce4c613ddad31e, type: 3}
      propertyPath: m_PresetInfoIsWorld
      value: 1
      objectReference: {fileID: 0}
    - target: {fileID: 4271986818145376190, guid: e62556b3ae8ff144a9ce4c613ddad31e, type: 3}
      propertyPath: m_Name
      value: Status
      objectReference: {fileID: 0}
    - target: {fileID: 6399358820852855059, guid: e62556b3ae8ff144a9ce4c613ddad31e, type: 3}
      propertyPath: m_Layer
      value: 6
      objectReference: {fileID: 0}
    m_RemovedComponents: []
  m_SourcePrefab: {fileID: 100100000, guid: e62556b3ae8ff144a9ce4c613ddad31e, type: 3}
--- !u!224 &8720704008626324118 stripped
RectTransform:
  m_CorrespondingSourceObject: {fileID: 4271986818145376185, guid: e62556b3ae8ff144a9ce4c613ddad31e, type: 3}
  m_PrefabInstance: {fileID: 4778054737696888111}
  m_PrefabAsset: {fileID: 0}
--- !u!1 &6390653288428907708 stripped
GameObject:
  m_CorrespondingSourceObject: {fileID: 1945315592428272019, guid: e62556b3ae8ff144a9ce4c613ddad31e, type: 3}
  m_PrefabInstance: {fileID: 4778054737696888111}
  m_PrefabAsset: {fileID: 0}
--- !u!114 &7027525589975323142 stripped
MonoBehaviour:
  m_CorrespondingSourceObject: {fileID: 2578810229453604649, guid: e62556b3ae8ff144a9ce4c613ddad31e, type: 3}
  m_PrefabInstance: {fileID: 4778054737696888111}
  m_PrefabAsset: {fileID: 0}
  m_GameObject: {fileID: 0}
  m_Enabled: 1
  m_EditorHideFlags: 0
  m_Script: {fileID: 11500000, guid: 8c219e935dedbd742ad720e6b5c617fb, type: 3}
  m_Name: 
  m_EditorClassIdentifier: 
--- !u!114 &8541502643854290372 stripped
MonoBehaviour:
  m_CorrespondingSourceObject: {fileID: 3802880942875687147, guid: e62556b3ae8ff144a9ce4c613ddad31e, type: 3}
  m_PrefabInstance: {fileID: 4778054737696888111}
  m_PrefabAsset: {fileID: 0}
  m_GameObject: {fileID: 0}
  m_Enabled: 1
  m_EditorHideFlags: 0
  m_Script: {fileID: 11500000, guid: 8c219e935dedbd742ad720e6b5c617fb, type: 3}
  m_Name: 
  m_EditorClassIdentifier: 
--- !u!114 &3381416328443059257 stripped
MonoBehaviour:
  m_CorrespondingSourceObject: {fileID: 7827884299042310422, guid: e62556b3ae8ff144a9ce4c613ddad31e, type: 3}
  m_PrefabInstance: {fileID: 4778054737696888111}
  m_PrefabAsset: {fileID: 0}
  m_GameObject: {fileID: 0}
  m_Enabled: 1
  m_EditorHideFlags: 0
  m_Script: {fileID: 11500000, guid: 8c219e935dedbd742ad720e6b5c617fb, type: 3}
  m_Name: 
  m_EditorClassIdentifier: 
--- !u!114 &7420153928258280094 stripped
MonoBehaviour:
  m_CorrespondingSourceObject: {fileID: 2645479783924125617, guid: e62556b3ae8ff144a9ce4c613ddad31e, type: 3}
  m_PrefabInstance: {fileID: 4778054737696888111}
  m_PrefabAsset: {fileID: 0}
  m_GameObject: {fileID: 0}
  m_Enabled: 1
  m_EditorHideFlags: 0
  m_Script: {fileID: 11500000, guid: 8c219e935dedbd742ad720e6b5c617fb, type: 3}
  m_Name: 
  m_EditorClassIdentifier: 
--- !u!114 &2547121603781685605 stripped
MonoBehaviour:
  m_CorrespondingSourceObject: {fileID: 6995848261024801866, guid: e62556b3ae8ff144a9ce4c613ddad31e, type: 3}
  m_PrefabInstance: {fileID: 4778054737696888111}
  m_PrefabAsset: {fileID: 0}
  m_GameObject: {fileID: 0}
  m_Enabled: 1
  m_EditorHideFlags: 0
  m_Script: {fileID: 11500000, guid: f4688fdb7df04437aeb418b961361dc5, type: 3}
  m_Name: 
  m_EditorClassIdentifier: 
--- !u!114 &6734764457575003366 stripped
MonoBehaviour:
  m_CorrespondingSourceObject: {fileID: 2250040459762377161, guid: e62556b3ae8ff144a9ce4c613ddad31e, type: 3}
  m_PrefabInstance: {fileID: 4778054737696888111}
  m_PrefabAsset: {fileID: 0}
  m_GameObject: {fileID: 0}
  m_Enabled: 1
  m_EditorHideFlags: 0
  m_Script: {fileID: 11500000, guid: 3e7e274b9b5dce345a1a1c0f0837d04a, type: 3}
  m_Name: 
  m_EditorClassIdentifier: 
